 Dungeon Crawl Stone Soup version 0.30-a0-639-g3916f1956a (webtiles) character file.

Game seed: 12270617851023393077

167 voltaire321 the Digger (level 5, -1/38 HPs)
             Began as a Demonspawn Earth Elementalist on Jan 16, 2023.
             Slain by an orc priest
             ... wielding a +0 dagger
              (2 damage)
             ... on level 3 of the Dungeon.
             The game lasted 00:07:42 (2139 turns).

voltaire321 the Digger (DsEE)                       Turns: 2139, Time: 00:07:42

Health: -1/38      AC:  2    Str:  7 (9)  XL:     5   Next: 23%
Magic:  2/9        EV: 12    Int: 16 (18) God:
Gold:   136        SH:  6    Dex: 11 (13) Spells: 3/9 levels left

rFire   . . .      SeeInvis .    g - +0 dagger
rCold   . . .      Faith    .    (no shield)
rNeg    . . .      Spirit   .    a - +0 robe
rPois   .          Reflect  .    (no helmet)
rElec   .          Harm     .    (no cloak)
rCorr   .          Rampage  .    (no gloves)
Will    .....                    (no boots)
Stlth   ++                       (no amulet)
HPRegen 0.26/turn                (no ring)
MPRegen 0.22/turn                (no ring)

@: no status effects
A: large bone plates 2, magic regeneration
a: no special abilities


You were on level 3 of the Dungeon.
You visited 1 branch of the dungeon, and saw 3 of its levels.

You collected 136 gold pieces.

Inventory:

Hand Weapons
 g - a +0 dagger (weapon)
Missiles
 c - 6 poisoned darts
Armour
 a - a +0 robe (worn)
Jewellery
 o - a ring of flight
Scrolls
 d - 2 scrolls of enchant armour {unknown}
 f - a scroll of brand weapon {unknown}
 i - a scroll of noise {unknown}
 k - a scroll of immolation {unknown}
 n - a scroll of blinking {unknown}
 p - a scroll of amnesia {unknown}
 r - a scroll of torment {unknown}
 s - a scroll of identify {unknown}
 t - a scroll of teleportation {unknown}
Potions
 b - a potion of magic
 e - a potion of lignification
 h - a potion of curing
 j - a potion of flight {unknown}
 l - a potion of degeneration
 m - a potion of experience {unknown}
 q - a potion of brilliance {unknown}


   Skills:
 + Level 1.9 Fighting
 + Level 2.7 Dodging
 - Level 1.7 Stealth
 + Level 2.7 Spellcasting
 + Level 0.9 Conjurations
 + Level 2.1 Transmutations
 + Level 3.3 Earth Magic


You had 3 spell levels left.
You knew the following spells:

 Your Spells              Type           Power      Damage    Failure   Level
a - Sandblast             Erth           24%        2d8       4%          1
b - Passwall              Tmut/Erth      8%         N/A       10%         2
c - Stone Arrow           Conj/Erth      18%        3d8       24%         3

Your spell library contained the following spells:

 Spells                   Type           Power      Damage    Failure   Level
 Dazzling Flash           Conj/Hex       6%         N/A       43%         3
 Petrify                  Tmut/Erth      10%        N/A       54%         4
 Iskenderun's Mystic Bla  Conj/Tloc      3%         2d3       83%         4
 Starburst                Conj/Fire      1%         6d3       100%        6


Dungeon Overview and Level Annotations

Branches:
Dungeon (3/15)

Altars:
Xom


Innate Abilities, Weirdness & Mutations

You are mostly covered in large bone plates. (SH +6)
You regenerate magic rapidly.


Message History

Press: ? - help, Shift-Dir - straight line, f/p - orc priest
Aim: an orc priest, wielding a +0 dagger and wearing a +0 scale mail (84% to hit)
The blast of sand hits the orc priest.
The orc priest is lightly wounded.
The orc priest hits you with a +0 dagger.
Casting: Sandblast (safe; 4% risk of failure)
Confirm with . or Enter, or press ? or * to list all spells.
Aiming: Sandblast (safe; 4% risk of failure)
Press: ? - help, Shift-Dir - straight line, f/p - orc priest
Aim: an orc priest, wielding a +0 dagger and wearing a +0 scale mail (lightly wounded, 84% to hit)
The blast of sand hits the orc priest but does no damage.
The orc priest is lightly wounded.
The orc priest closely misses you. The orc priest barely misses you.
Casting: Sandblast (safe; 4% risk of failure)
Confirm with . or Enter, or press ? or * to list all spells.
Aiming: Sandblast (safe; 4% risk of failure)
Press: ? - help, Shift-Dir - straight line, f/p - orc priest
Aim: an orc priest, wielding a +0 dagger and wearing a +0 scale mail (84% to hit)
The blast of sand hits the orc priest but does no damage.
The orc priest misses you.
It was a potion of degeneration.
There was something very wrong with that liquid.
You feel weakened.
You feel dopey.
You feel clumsy.
The orc priest invokes the aid of Beogh against you.
Beogh smites you!
* * * LOW HITPOINT WARNING * * *
Casting: Sandblast (safe; 4% risk of failure)
Confirm with . or Enter, or press ? or * to list all spells.
Aiming: Sandblast (safe; 4% risk of failure)
Press: ? - help, Shift-Dir - straight line, f/p - orc priest
Aim: an orc priest, wielding a +0 dagger and wearing a +0 scale mail (84% to hit)
The blast of sand hits the orc priest.
The orc priest is lightly wounded.
The orc priest hits you with a +0 dagger.
* * * LOW HITPOINT WARNING * * *
The orc wizard mumbles some strange words.
The orc wizard flickers and vanishes!
Deactivating autopickup; reactivate with Ctrl-A.
The orc priest hits you with a +0 dagger.
You die...

# ## #. ..#
#####.###..#.##
.....ro{.......
#o#....#
#@#....#
#.#....######
#.#..........
#.#.........
##..........
##.....###
##....# .
#....####..
##.........


You could see an orc priest and an orc.

Vanquished Creatures
  An orc priest (D:3)
  An orc wizard (D:3)
  4 adders
  2 dart slugs
  4 orcs (D:3)
  6 ball pythons
  An endoplasm (D:3)
  4 giant cockroaches (D:1)
  8 goblins
  4 hobgoblins
  6 jackals
  4 kobolds
  2 quokkas
  11 bats
  4 frilled lizards
  6 rats
68 creatures vanquished.

Vanquished Creatures (others)
  A quokka (D:3)
  A ball python (D:3)
2 creatures vanquished.

Grand Total: 70 creatures vanquished

Notes
Turn   | Place    | Note
-------+----------+-------------------------------------------
     0 | D:1      | voltaire321 the Demonspawn Earth Elementalist began the
                  | quest for the Orb.
     0 | D:1      | Reached XP level 1. HP: 13/13 MP: 3/3
   121 | D:1      | Reached skill level 1 in Transmutations
   243 | D:1      | Gained mutation: You are partially covered in large bone
                  | plates. (SH +4) [demonic ancestry]
   243 | D:1      | Reached XP level 2. HP: 20/20 MP: 1/5
   762 | D:1      | Reached skill level 3 in Earth Magic
   770 | D:1      | Reached skill level 1 in Fighting
   770 | D:1      | Reached XP level 3. HP: 24/26 MP: 1/6
  1352 | D:2      | Learned a level 2 spell: Passwall
  1356 | D:2      | Learned a level 3 spell: Stone Arrow
  1511 | D:2      | Gained mutation: You regenerate magic rapidly. [demonic
                  | ancestry]
  1511 | D:2      | Reached XP level 4. HP: 32/32 MP: 5/7
  1873 | D:3      | Found a shimmering altar of Xom.
  1965 | D:3      | Gained mutation: You are mostly covered in large bone
                  | plates. (SH +6) [demonic ancestry]
  1965 | D:3      | Reached XP level 5. HP: 13/38 MP: 3/9
  2139 | D:3      | HP: 1/38 [orc priest/+0 dagger (3)]
  2139 | D:3      | Slain by an orc priest

Illustrated notes

Levels and vault maps discovered:
D:1:      lemuel_arrival_rhombus, layout_loops_cross, minmay_pentomino_r2
D:2:      layout_loops_cross, kennysheep_generic_room_10
D:3:      layout_basic, nemelex_diamond_rough_becter, xom_confusion_cloud,
          jmf_multi_god_temple, chequers_hall_statues_wall_a, hex_tiny,
          kennysheep_potato

Skill      XL: |  1  2  3  4 |
---------------+-------------+-----
Transmutations | 1 2 |  2.1
Dodging        | 2 |  2.7
Earth Magic    | 3 |  3.3
Fighting       | 1 |  1.9
Stealth        | |  1.7
Spellcasting   | |  2.7
Conjurations   | |  0.9

Action                   |  1- 3 |  4- 6 || total
-------------------------+-------+-------++-------
Melee: Dagger            |    30 |    14 ||    44
 Cast: Sandblast         |    54 |    45 ||    99
  Use: Potion            |       |     3 ||     3
 Stab: Sleeping          |     1 |       ||     1
Armor: Robe              |     4 |     2 ||     6
       Skin              |       |     1 ||     1
Dodge: Dodged            |    44 |    20 ||    64
Block: Other             |     9 |     5 ||    14

Table legend: (Time is in decaauts)
 A = Elapsed time spent in this place.
 B = Non-inter-level travel time spent in this place.
 C = Inter-level travel time spent in this place.
 D = Time resting spent in this place.
 E = Time spent auto-exploring this place.
 F = Levels seen in this place.
 G = Mean time per level.
                   A        B        C        D        E       F      G
               +--------+--------+--------+--------+--------+-----+--------+
         Total |   2187 |   2126 |     61 |    258 |   1357 |   3 |  729.0 |
       Dungeon |   2187 |   2126 |     61 |    258 |   1357 |   3 |  729.0 |
               +--------+--------+--------+--------+--------+-----+--------+

Top non-repeatable levels by time:
     D:1: 966 daAuts
     D:2: 800 daAuts
     D:3: 420 daAuts
